 Dungeon Crawl Stone Soup version 0.18.1-8-gdd0e5ea (webtiles) character file.

329 raph the Magician (level 6, -2/32 HPs)
             Began as a Deep Elf Wizard on June 5, 2016.
             Slain by an orc wizard
             ... wielding a +0 dagger
              (3 damage)
             ... on level 3 of the Dungeon.
             The game lasted 00:07:38 (3367 turns).

raph the Magician (Deep Elf Wizard)                 Turns: 3367, Time: 00:07:39

Health: -2/32      AC:  4    Str:  5    XL:     6   Next: 25%
Magic:  6/16       EV: 14    Int: 29    God:
Gold:   93         SH:  0    Dex: 13    Spells: 7 memorised, 1 level left

rFire  . . .     SeeInvis .     t - staff of poison
rCold  . . .     Gourm    .     a - +0 robe
rNeg   . . .     Faith    .     (no shield)
rPois  +         Spirit   .     b - +1 hat
rElec  .         Dismiss  .     m - +0 cloak
rCorr  .         Reflect  .     (no gloves)
SustAt .         Harm     .     (no boots)
MR     .....                    (no amulet)
Stlth  +++.......               (no ring)
                                (no ring)

@: brilliant, not resistant to hostile enchantments, fairly stealthy
A: no striking features
a: no special abilities


You were on level 3 of the Dungeon.
You were not hungry.

You visited 1 branch of the dungeon, and saw 4 of its levels.

You collected 93 gold pieces.

Inventory:

Hand Weapons
 k - a +0 dagger
Armour
 a - a +0 robe (worn)
 b - a +1 hat (worn)
 m - a +0 cloak (worn)
Magical Staves
 t - an uncursed staff of poison (weapon)
Scrolls
 e - 2 scrolls of magic mapping
 f - 2 scrolls of immolation
 j - a scroll of fog
 p - a scroll of random uselessness {unknown}
 q - a scroll of fear {unknown}
 s - 4 scrolls of recharging {unknown}
 v - a scroll of remove curse
 w - a scroll of identify {unknown}
 x - a scroll of teleportation {unknown}
Potions
 h - a potion of curing {unknown}
 i - 2 potions of lignification {unknown}
 o - a potion of brilliance
Books
 c - a book of Minor Magic

   Spells                             Type                      Level
   a - Magic Dart                     Conjuration                  1
   b - Blink                          Translocation                2
   c - Call Imp                       Summoning                    2
   d - Repel Missiles                 Charms/Air                   2
   e - Slow                           Hexes                        2
   f - Conjure Flame                  Conjuration/Fire             3
   g - Mephitic Cloud                 Conjuration/Poison/Air       3
Comestibles
 d - a bread ration
 g - a royal jelly
 l - 3 slices of pizza
 n - a meat ration
 r - 3 chunks of flesh
 u - a beef jerky


   Skills:
 + Level 4.1 Dodging
 + Level 4.1 Stealth
 - Level 5.5 Spellcasting
 * Level 4.2 Conjurations
 - Level 1.1 Summonings
 - Level 1.1 Translocations
 + Level 1.9 Air Magic


You had one spell level left.
You knew the following spells:

 Your Spells              Type           Power        Failure   Level  Hunger
a - Magic Dart            Conj           ####         1%          1    None
b - Call Imp              Summ           ####....     1%          2    None
c - Blink                 Tloc           N/A          1%          2    None
d - Repel Missiles        Chrm/Air       ####..       1%          2    None
e - Mephitic Cloud        Conj/Pois/Air  ######..     1%          3    None
f - Conjure Flame         Conj/Fire      #####...     1%          3    None
g - Slow                  Hex            ####....     1%          2    None


Dungeon Overview and Level Annotations

Branches:
Dungeon (4/15)
 Temple: D:4-7

Altars:
Cheibriados
Dithmenos
Gozag


Message History

You can't see any susceptible monsters within range! (Use Z to cast anyway.)
You closely miss something. Something hits you but does no damage.
You hear some strange, mumbled words.
A magic dart appears from out of thin air!
The magic dart hits you!
* * * LOW HITPOINT WARNING * * *
Casting: Magic Dart
Confirm with . or Enter, or press ? or * to list all spells.
Aiming: Magic Dart
Press: ? - help, Shift-Dir - straight line The magic dart hits something.
You hear some strange, mumbled words.
A puff of flame appears from out of thin air!
The puff of flame hits you!
* * * LOW HITPOINT WARNING * * *
Drink which item? (? for menu, Esc to quit)
It was a potion of brilliance.
You feel clever all of a sudden. Something hits you.
You die...

......................#
#.# #.
.....#.######(........#
#.# #. .....#.#
####.........# #.# #.
.....#.# #............#
#.# .....#.#
#............# #.#
.....# #...).)..รท...#
#.# ....##
#............# #.####
....##.###........)...#
#.....
...........)....@.....#
######
######.###......{.....#
#### #............#
#... #............#
#... #######)######
#... #.....# #... #
#.....# #... #.#
#.....# #... #.####
#.....# #...


There were no monsters in sight!

Vanquished Creatures
  Grinder (D:3)
  An orc wizard (D:3)
  A gnoll (D:2)
  2 adders
  An ooze (D:2)
  3 worms
  2 dart slugs (D:3)
  A giant gecko (D:2)
  9 orcs (D:3)
  8 bats
  3 giant cockroaches
  7 goblins
  2 hobgoblins
  4 jackals
  4 giant newts
  7 kobolds
  6 rats
62 creatures vanquished.

Vanquished Creatures (collateral kills)
  An orc wizard (D:3)
  2 gnolls (D:2)
  An adder (D:3)
  A jackal (D:3)
  A rat (D:2)
6 creatures vanquished.

Grand Total: 68 creatures vanquished

Notes
Turn   | Place    | Note
--------------------------------------------------------------
     0 | D:1      | raph the Deep Elf Wizard began the quest for the Orb.
     0 | D:1      | Reached XP level 1. HP: 10/10 MP: 7/7
   229 | D:1      | Reached XP level 2. HP: 15/15 MP: 6/9
   353 | D:1      | Learned a level 2 spell: Blink
   356 | D:1      | Learned a level 2 spell: Call Imp
   359 | D:1      | Learned a level 2 spell: Repel Missiles
   957 | D:2      | You fall through a shaft for 2 floors!
  1007 | D:3      | Found a snail-covered altar of Cheibriados.
  1058 | D:3      | Found an opulent altar of Gozag.
  1105 | D:3      | Reached XP level 3. HP: 19/19 MP: 3/11
  1781 | D:2      | Learned a level 3 spell: Mephitic Cloud
  1811 | D:2      | Reached skill level 5 in Spellcasting
  1831 | D:2      | Reached XP level 4. HP: 24/24 MP: 4/13
  2221 | D:2      | Learned a level 3 spell: Conjure Flame
  2664 | D:3      | Found a shadowy altar of Dithmenos.
  2720 | D:3      | Noticed Grinder
  2777 | D:3      | Killed Grinder
  2777 | D:3      | Reached skill level 1 in Air Magic
  2777 | D:3      | Reached XP level 5. HP: 9/28 MP: 1/15
  2993 | D:3      | Reached XP level 6. HP: 32/32 MP: 10/16
  3327 | D:3      | Learned a level 2 spell: Slow
  3366 | D:3      | HP: 1/32 [something/puff of flame (7)]
  3367 | D:3      | Slain by an orc wizard

Skill      XL: |  1  2  3  4  5  6 |
---------------+-------------------+-----
Conjurations   | 2 3 4 |  4.2
Stealth        | 3 4 |  4.1
Spellcasting   | 5 |  5.5
Dodging        | 3 4 |  4.1
Air Magic      | 1 |  1.9
Summonings     | |  1.1
Translocations | |  1.1

Action                   |  1- 3 |  4- 6 || total
-------------------------+-------+-------++-------
Melee: Unarmed           |     1 |       ||     1
       Dagger            |     1 |       ||     1
       Staff             |       |     2 ||     2
 Cast: Magic Dart        |    66 |    89 ||   155
       Call Imp          |     6 |     6 ||    12
       Blink             |     1 |       ||     1
       Repel Missiles    |     1 |       ||     1
       Conjure Flame     |       |     2 ||     2
       Mephitic Cloud    |       |     6 ||     6
  Use: Scroll            |       |     5 ||     5
       Potion            |       |     1 ||     1
  Eat: Chunk             |     2 |     5 ||     7
Armor: Robe              |     5 |    10 ||    15
Dodge: Dodged            |    11 |    24 ||    35
       Deflected         |       |     1 ||     1
